 Dungeon Crawl Stone Soup version 0.21-a0-402-gcbae7d1 (webtiles) character file.

1419 JackS81 the Cleaver (level 8, 0/58 HPs)
             Began as a Demonspawn Fighter on Oct 25, 2017.
             Slain by a two-headed ogre
             ... wielding a +0 giant club
              (21 damage)
             ... on level 5 of the Dungeon on Oct 26, 2017.
             The game lasted 00:22:12 (5361 turns).

JackS81 the Cleaver (Demonspawn Fighter)            Turns: 5361, Time: 00:22:12

Health: 0/58       AC: 11    Str: 18    XL:     8   Next: 43%
Magic:  0/8        EV: 15    Int: 13    God:
Gold:   251        SH:  0    Dex: 18    Spells: 7/7 levels left

rFire    . . .     SeeInvis .   d - +0 battleaxe
rCold    . . .     Gourm    .   (shield currently unavailable)
rNeg     + . .     Faith    .   p - +1 ring mail {rN+}
rPois    .         Spirit   +   k - +0 helmet
rElec    .         Reflect  .   (no cloak)
rCorr    .         Harm     .   n - +0 pair of gloves
MR       .....                  (no boots)
Stlth    ++........             g - amulet of regeneration
HPRegen  0.59/turn              h - ring of wizardry
MPRegen  0.11/turn              i - +3 ring of intelligence

@: agile, flying
A: claws 1, yellow scales 1, foul stench 1, magic shield, rot immunity
a: no special abilities


You were on level 5 of the Dungeon.
You were not hungry.

You visited 1 branch of the dungeon, and saw 5 of its levels.

You collected 251 gold pieces.

Inventory:

Hand Weapons
 a - a +1 war axe
 d - a +0 battleaxe (weapon)
 u - a +1 whip of venom
Armour
 b - a +0 scale mail
 c - a +1 shield
 k - a +0 helmet (worn)
 n - a +0 pair of gloves (worn)
 p - a +1 ring mail of positive energy (worn)
Jewellery
 g - an amulet of regeneration (around neck)
 h - a ring of wizardry (left hand)
 i - a +3 ring of intelligence (right hand)
 q - a +6 ring of intelligence
Scrolls
 l - 3 scrolls of amnesia
 t - 3 scrolls of identify
Potions
 r - a potion of curing
Books
 j - a book of Air

   Spells                             Type                      Level
   a - Shock                          Conjuration/Air              1
   b - Swiftness                      Charms/Air                   2
   c - Static Discharge               Conjuration/Air              3
   d - Airstrike                      Air                          4
   e - Lightning Bolt                 Conjuration/Air              5
Comestibles
 f - 4 bread rations
 o - 3 royal jellies
 x - 4 fruits


   Skills:
 - Level 3.0 Fighting
 * Level 8.6 Axes
 + Level 4.3 Armour
 + Level 4.1 Shields


You had 7 spell levels left.
You didn't know any spells.

Dungeon Overview and Level Annotations

Branches:
Dungeon (5/15)
 Temple: D:4-7

Altars:
Cheibriados
Makhleb
Qazlal

Shops:
D:5 }


Innate Abilities, Weirdness & Mutations

You have sharp fingernails.
You are partially covered in yellow scales. (AC +2)
You may emit foul miasma when damaged in melee.
When hurt, damage is shared between your health and your magic reserves.
You are immune to rotting.


Message History

You fly up into the air.
It was a potion of agility.
You feel agile all of a sudden.
You slice the two-headed ogre!!
The two-headed ogre is moderately wounded.
The two-headed ogre hits you with a giant club.
The two-headed ogre hits you with a giant spiked club.
You completely miss the two-headed ogre.
The two-headed ogre is moderately wounded.
The two-headed ogre closely misses you.
The two-headed ogre hits you with a giant spiked club!!
You hit the two-headed ogre but do no damage.
The two-headed ogre is moderately wounded.
The two-headed ogre hits you with a giant club!!
The two-headed ogre closely misses you.
You slash the two-headed ogre!
The two-headed ogre is heavily wounded.
The two-headed ogre closely misses you.
The two-headed ogre hits you with a giant spiked club!!
You die...

#....[### ******* #........
*,,,,,* #.#...#*# *,,,,,*
#########.#...### *,,,,,***
#.<..............
*,,,,,,,**##.#######..#.....
*,,,..,,,,,.....###.........
*,,,....####.#......8.......
*,,,.......@.#..#..#.##.####
****.#..###O.......#......##
#######.#,,,#..........∩...#.##
#.....#.#,,,#.#...#........>...
#.###.#.#**,#...#..........#.##
#...#.#.# *.#.....#####8##.#.#
###.#.#.# *.#................#
#O#.#.###.#.#########....###
#.#.#.#...#.####.#####...#


You could see a two-headed ogre.

Vanquished Creatures
  Pikel (D:5)
  Grinder (D:4)
  An ice beast (D:4)
  3 slaves (D:5)
  A phantom (D:4)
  A centaur (D:5)
  2 howler monkeys
  2 centaur zombies (D:5)
  2 orc priests
  A hound (D:4)
  2 iguanas
  Terence (D:3)
  2 worker ants
  7 adders
  An ooze (D:1)
  3 worms
  3 dart slugs
  2 leopard geckos
  17 orcs
  2 ball pythons
  A giant cockroach (D:2)
  7 goblins
  7 hobgoblins
  13 jackals
  5 kobolds
  3 quokkas
  5 bats
  10 frilled lizards
  A jackal zombie (D:5)
  5 rats
112 creatures vanquished.

Vanquished Creatures (others)
  A slave (D:5)
1 creature vanquished.

Grand Total: 113 creatures vanquished

Notes
Turn   | Place    | Note
-------+----------+-------------------------------------------
     0 | D:1      | JackS81 the Demonspawn Fighter began the quest for the Orb.
     0 | D:1      | Reached XP level 1. HP: 18/18 MP: 1/1
     9 | D:1      | Reached skill level 2 in Axes
    29 | D:1      | Gained mutation: You are immune to rotting. [demonic ancestry]
    29 | D:1      | Reached XP level 2. HP: 18/24 MP: 2/2
    99 | D:1      | Reached skill level 3 in Axes
   188 | D:1      | Reached XP level 3. HP: 29/29 MP: 3/3
   394 | D:1      | Found a burning altar of Makhleb.
  1016 | D:2      | Gained mutation: You may emit foul miasma when damaged in melee. [demonic ancestry]
  1016 | D:2      | Reached XP level 4. HP: 25/35 MP: 4/4
  1374 | D:2      | Found a faded altar of an unknown god.
  1426 | D:2      | Reached skill level 4 in Axes
  1721 | D:3      | Gained mutation: You are partially covered in yellow scales. (AC +2) [demonic ancestry]
  1721 | D:3      | Reached XP level 5. HP: 27/41 MP: 5/5
  2003 | D:3      | Noticed Terence
  2029 | D:3      | Killed Terence
  2630 | D:3      | Reached skill level 5 in Axes
  2631 | D:3      | Found a snail-covered altar of Cheibriados.
  3086 | D:4      | Gained mutation: You have sharp fingernails. [demonic ancestry]
  3086 | D:4      | Reached XP level 6. HP: 45/47 MP: 6/6
  3606 | D:4      | Noticed Grinder
  3625 | D:4      | Paralysed by Grinder for 3 turns
  3641 | D:4      | Killed Grinder
  3641 | D:4      | Reached skill level 6 in Axes
  3641 | D:4      | Gained mutation: When hurt, damage is shared between your health and your magic reserves. [demonic ancestry]
  3641 | D:4      | Reached XP level 7. HP: 37/52 MP: 7/7
  3882 | D:4      | Upgraded the game from 0.21-a0-401-g0b6bec4 to 0.21-a0-402-gcbae7d1
  3949 | D:5      | Entered Level 5 of the Dungeon
  4147 | D:5      | Found a stormy altar of Qazlal.
  4240 | D:5      | Noticed a two-headed ogre
  4300 | D:4      | Reached skill level 7 in Axes
  4849 | D:5      | Noticed Pikel
  4870 | D:5      | Killed Pikel
  4870 | D:5      | Reached skill level 8 in Axes
  4870 | D:5      | Reached XP level 8. HP: 43/58 MP: 6/8
  5076 | D:5      | Found Qopunarr's Gadget Shop.
  5361 | D:5      | Slain by a two-headed ogre

Vault maps used:
D:1:      sevenhm_arrival_forest_fort_small_6, st_stairs_11
D:2:      chequers_ecumenical_altar_simple
D:3:      kennysheep_slug_shrine, first_bread, uniq_terence
D:4:      uniq_grinder
D:5:      grunt_qazlal_clouds, serial_shops, shop_statue, uniq_pikel

Skill      XL: |  1  2  3  4  5  6  7 |
---------------+----------------------+-----
Axes           | 2 3 4 5 6 8 |  8.6
Armour         | 3 4 |  4.3
Shields        | 3 4 |  4.1
Fighting       | |  3.0

Action                   |  1- 3 |  4- 6 |  7- 9 || total
-------------------------+-------+-------+-------++-------
Melee: War axe           |   146 |   221 |    89 ||   456
       Battleaxe         |       |       |    22 ||    22
  Use: Potion            |       |     6 |    10 ||    16
       Scroll            |       |     2 |     8 ||    10
 Stab: Distracted        |       |     1 |       ||     1
  Eat: Chunk             |     1 |     7 |     6 ||    14
       Fruit             |       |     1 |       ||     1
Armor: Scale mail        |    81 |     8 |       ||    89
       Ring mail         |       |    44 |    32 ||    76
Dodge: Dodged            |    36 |    46 |    35 ||   117
Block: Shield            |    88 |    86 |    47 ||   221

Table legend:
 A = Spawn XP
 B = Non-spawn XP
 C = Spawn XP percentage of total XP
 D = Spawn monster count
 E = Non-spawn monster count
 F = Spawn count percentage of total count
 G = Total turns spent on level
                    A         B        C        D         E        F      G
               +---------+---------+-------+---------+---------+-------+---------
         Total |       0 |    2028 |   0.0 |       0 |     109 |   0.0 |  5361
               +---------+---------+-------+---------+---------+-------+---------
           D:1 |       0 |      63 |   0.0 |       0 |      25 |   0.0 |   698
           D:2 |       0 |      59 |   0.0 |       0 |      26 |   0.0 |   891
           D:3 |       0 |     182 |   0.0 |       0 |      31 |   0.0 |  1203
           D:4 |       0 |     720 |   0.0 |       0 |      14 |   0.0 |  1539
           D:5 |       0 |    1004 |   0.0 |       0 |      13 |   0.0 |  1030
               +---------+---------+-------+---------+---------+-------+---------
